 Dungeon Crawl Stone Soup version 0.22.1-1-ga44c0e5 (webtiles) character file.

90271 dvd the Quickloader (level 16, -13/104 HPs)
             Began as a Kobold Hunter on Sept 27, 2018.
             Was a High Priest of Okawaru.
             Mangled by a two-headed ogre
             ... wielding a +0 giant club
              (22 damage)
             ... on level 13 of the Dungeon.
             The game lasted 02:07:14 (31054 turns).

dvd the Quickloader (Kobold Hunter)                Turns: 31054, Time: 02:07:15

Health: -13/104    AC: 12    Str: 22    XL:     16   Next: 46%
Magic:  35/35      EV: 22    Int: 16    God:    Okawaru [*****.]
Gold:   700        SH:  0    Dex: 16    Spells: 16/28 levels left

rFire    + . .     SeeInvis +   K - +7 trident "Utraolih" {speed, -Tele rPois Str+3 SInv}
rCold    + . .     Gourm    .   (shield currently unavailable)
rNeg     . . .     Faith    .   e - +0 troll leather armour
rPois    +         Spirit   .   t - +0 hat
rElec    +         Reflect  .   E - +2 cloak {+Inv}
rCorr    +         Harm     .   O - +2 pair of gloves of the Battered Deaths {rCorr Int+3}
MR       +....     NoTele   +   v - +0 pair of boots
Stlth    +++.......             J - amulet of regeneration
HPRegen  1.07/turn              k - ring "Taxax" {rF+ Int+4 SInv}
MPRegen  0.24/turn              z - ring of Dinur {rElec rC+ MP+9 Int-3}

@: mighty, hasted, very quick
A: small, carnivore, dopey 1, mutation resistance 1
a: Heroism, Finesse, Renounce Religion, Evoke Invisibility


You were on level 13 of the Dungeon.
You worshipped Okawaru.
Okawaru was extremely pleased with you.
You were completely stuffed.

You visited 4 branches of the dungeon, and saw 22 of its levels.
You also visited: Ossuary and Ice Cave.

You collected 2132 gold pieces.
You spent 1432 gold pieces at shops.

Inventory:

Hand Weapons
 a - a +7 hand crossbow
 b - a +2 scimitar of flaming
 c - a +2 dagger of venom
 d - a +2 triple crossbow of freezing
 r - a +0 short sword of electrocution
 D - a +0 scimitar of holy wrath
 K - the +7 trident "Utraolih" (weapon) {speed, -Tele rPois Str+3 SInv}
   (You found it on level 6 of the Dungeon)

   Attacks with this weapon are significantly faster.
   It affects your strength (+3).
   It protects you from poison.
   It lets you see invisible.
   It prevents most forms of teleportation.
Missiles
 l - 258 bolts
Armour
 e - a +0 troll leather armour (worn)
 n - a +3 plate armour of fire resistance
 t - a +0 hat (worn)
 v - a +0 pair of boots (worn)
 E - a +2 cloak of invisibility (worn)
 O - the +2 pair of gloves of the Battered Deaths (worn) {rCorr Int+3}
   (You found it on level 3 of the Lair of Beasts)

   It affects your intelligence (+3).
   It provides partial protection from all sources of acid and corrosion.
 U - a +2 buckler of protection
 X - a +1 pair of gloves of archery
Jewellery
 k - the ring "Taxax" (left hand) {rF+ Int+4 SInv}
   (You found it on level 4 of the Dungeon)

   [ring of see invisible]

   It affects your intelligence (+4).
   It protects you from fire.
   It lets you see invisible.
 z - the ring of Dinur (right hand) {rElec rC+ MP+9 Int-3}
   (You bought it in a shop on level 12 of the Dungeon)

   [ring of magical power]

   It affects your intelligence (-3).
   It protects you from cold.
   It insulates you from electricity.
   It affects your magic capacity (+9).
 J - an amulet of regeneration (around neck)
 P - an uncursed ring of flight
Wands
 p - a wand of flame (16)
 q - a wand of disintegration (10)
 s - a wand of polymorph (22)
 y - a wand of acid (10)
 G - a wand of iceblast (2)
 M - a wand of enslavement (15)
 Q - a wand of paralysis (49)
 S - a wand of random effects (49)
 Y - a wand of digging (12)
Scrolls
 g - 9 scrolls of remove curse
 h - 19 scrolls of identify
 i - 2 scrolls of blinking
 m - 4 scrolls of teleportation
 o - 4 scrolls of immolation
 w - 4 scrolls of magic mapping
 x - 4 scrolls of fog
 R - a scroll of summoning
 Z - a scroll of fear
Potions
 j - 11 potions of curing
 u - 3 potions of invisibility
 A - a potion of brilliance
 B - 3 potions of berserk rage
 C - a potion of mutation
 F - 3 potions of might
 I - 2 potions of ambrosia
 L - a potion of haste
 T - a potion of agility
Comestibles
 f - 35 rations


   Skills:
 + Level 13.6 Fighting
 + Level 9.7(11.8) Short Blades
 + Level 7.3(8.3) Long Blades
 + Level 7.6 Polearms
 * Level 14.4 Crossbows
 + Level 5.4 Armour
 + Level 10.6 Dodging
 + Level 5.0 Stealth
 + Level 2.2 Shields
 + Level 0.3 Unarmed Combat
 + Level 6.6 Spellcasting
 + Level 0.4 Translocations
 + Level 3.4 Air Magic
 + Level 8.1 Poison Magic
 + Level 5.9 Invocations
 + Level 2.3 Evocations


You had 16 spell levels left.
You knew the following spells:

 Your Spells              Type           Power        Failure   Level  Hunger
a - Poisonous Vapours     Pois/Air       ###...       1%          2    None
b - Olgreb's Toxic Radia  Pois           ####....     5%          4    ####...
c - Mephitic Cloud        Conj/Pois/Air  ###.....     9%          3    ##.....
d - Apportation           Tloc           #.....       12%         1    None
e - Shroud of Golubria    Chrm/Tloc      #.........   21%         2    None

Your spell library contained the following spells:

 Spells                   Type           Power        Failure   Level  Hunger
 Sting                    Conj/Pois      ###.         2%          1    None
 Spider Form              Tmut/Pois      ###.......   9%          3    ##.....
 Animate Skeleton         Necr           N/A          14%         1    None
 Beastly Appendage        Tmut           #.....       14%         1    None
 Confusing Touch          Hex            #.....       14%         1    None
 Corona                   Hex            #......      14%         1    None
 Infusion                 Chrm           #...         14%         1    None
 Magic Dart               Conj           #...         14%         1    None
 Summon Small Mammal      Summ           #...         14%         1    None
 Call Imp                 Summ           #.......     22%         2    None
 Searing Ray              Conj           #.....       22%         2    None
 Slow                     Hex            #.......     22%         2    None
 Song of Slaying          Chrm           #.......     22%         2    None
 Sticks to Snakes         Tmut           #.......     22%         2    None
 Portal Projectile        Hex/Tloc       #.....       38%         3    ##.....
 Call Canine Familiar     Summ           #.......     41%         3    ##.....
 Dazzling Spray           Conj/Hex       #.....       41%         3    ##.....
 Inner Flame              Hex/Fire       #.......     41%         3    ##.....
 Regeneration             Chrm/Necr      #.........   41%         3    ##.....
 Spectral Weapon          Hex/Chrm       #.......     41%         3    ##.....
 Summon Guardian Golem    Hex/Summ       #.......     41%         3    ##.....
 Summon Lightning Spire   Summ/Air       ##......     58%         4    ####...
 Venom Bolt               Conj/Pois      ###.......   61%         5    #####..
 Force Lance              Conj/Tloc      #.......     80%         4    ####...
 Cause Fear               Hex            #.........   82%         4    ####...
 Fulminant Prism          Conj/Hex       #.........   82%         4    ####...
 Ice Form                 Ice/Tmut       #.......     82%         4    ####...
 Iskenderun's Mystic Bla  Conj           #.......     82%         4    ####...
 Leda's Liquefaction      Hex/Erth       #.........   82%         4    ####...
 Summon Ice Beast         Ice/Summ       #.......     82%         4    ####...
 Blade Hands              Tmut           #.........   99%         5    #####..


Dungeon Overview and Level Annotations

Branches:
Dungeon (13/15)            Temple (1/1) D:5            Lair (6/6) D:10
  Swamp (0/4) Lair:4       Spider (0/4) Lair:2        Slime (0/5) Lair:6
    Orc (2/2) D:10            Elf (0/3) Orc:2        Vaults (0/5) D:13

Altars:
Ashenzari
Cheibriados
Dithmenos
Elyvilon
Fedhas
Gozag
Hepliaklqana
Kikubaaqudgha
Makhleb
Nemelex Xobeh
Okawaru
Qazlal
Ru
Sif Muna
Trog
Uskayaw
Vehumet
Wu Jian
Xom
Yredelemnul
Zin
The Shining One

Shops:
D:12 =   D:13 *   Orc:2 ?}[[

Annotations:
D:3 Grinder
D:13 1 transporter


Innate Abilities, Weirdness & Mutations

You are small and have problems with some larger weapons.
You are carnivorous and can eat meat at any time.
You are dopey. (Int -2)
You are somewhat resistant to further mutation.


Message History

You puncture the silent spectre!
The silent spectre is severely damaged.
The troll completely misses you. The troll claws you.
* * * LOW HITPOINT WARNING * * *
The troll misses you.
Unknown command.
Press < or > to pray at altars.
You closely miss the silent spectre.
The silent spectre is severely damaged.
The two-headed ogre hits you with a giant club!!
* * * LOW HITPOINT WARNING * * *
The two-headed ogre closely misses you.
The silent spectre hits you but does no damage.
Unknown command.
Press < or > to pray at altars.
You puncture the silent spectre!
You destroy the silent spectre!
Okawaru accepts your kill.
The two-headed ogre hits you with a giant club!!
You die... #.....# #Tgpey#§#

#.... #.....# ############# #....
##.....# #y#.........## #....
.......#####T.........## #....
.......#y#§#..⌠..###...######..(.
.......#####....$#y#...#y#.......
..........##...$T####''###.......
..........##../OT###...##(.......
######...©##..$)@'©#..©##©(.....#
# #....##..?$T###..)##.......# #
#....##...O$####''###......# #
#.#####....$#y#.).#y#....... #
#.#y#§#..⌠..###(..######.... #
#.#####......(...## #.... # #.#
#......(..## #.... ######.#
############ #.... .......#


gTppy#§ #.... You could see an iron troll (berserk), 2 two-headed ogres, a deep
troll and 2 trolls.

Vanquished Creatures
  Kirke (Lair:6)
  A stone giant (D:10)
  Josephine (D:10)
  2 vault guards (D:13)
  A catoblepas (Lair:6)
  5 hydras
  18 two-headed ogres
  A tengu warrior (D:13)
  Erica (D:8)
  13 death yaks
  4 ogre magi (Orc:2)
  A deep troll shaman (Lair:6)
  An orc high priest (Orc:2)
  A deep troll (D:13)
  5 unseen horrors
  A wizard (D:12)
  Pikel (D:8)
  An orc knight (Orc:1)
  A wolf spider (Lair:2)
  2 lindwurms
  An orc sorcerer (Orc:2)
  An ugly thing (D:12)
  2 cyclopes
  An oklob plant (Lair:3)
  3 manticores
  4 black mambas
  13 elephants
  Psyche (D:12)
  2 ice statues (IceCv)
  A gargoyle (D:13)
  3 rime drakes
  A yaktaur (shapeshifter) (D:13)
  8 komodo dragons
  12 spiny frogs
  11 ice devils (IceCv)
  A silent spectre (D:13)
  A tengu conjurer (D:13)
  4 trolls
  A hornet (D:9)
  A queen bee (Lair:3)
  A polar bear (Lair:6)
  5 slime creatures
  12 blink frogs
  5 dream sheep (Lair:5)
  2 hippogriffs
  Sigmund (D:6)
  A vampire (D:13)
  38 yaks
  3 wraiths (D:10)
  7 wyverns
  7 hogs (Lair:6)
  2 basilisks
  Menkaure (D:7)
  A swamp worm (Lair:4)
  4 vampire mosquitoes
  11 water moccasins
  2 soldier ants
  18 orc warriors
  4 sky beasts
  Duvessa (D:7)
  8 porcupines
  5 ice beasts
  3 slaves (D:8)
  2 eyes of draining
  A necrophage (D:7)
  2 black bears
  4 phantoms
  33 ogres
  2 centaurs
  13 wolves
  11 crocodiles
  4 big kobolds
  18 bullfrogs
  A wyvern zombie (D:6)
  A water moccasin zombie (Ossuary)
  2 wyvern skeletons
  6 scorpions
  Dowan (D:7)
  22 killer bees
  A wight (D:6)
  9 electric eels
  4 crimson imps
  2 centaur zombies (Ossuary)
  2 hounds
  8 jellies
  A quasit (D:13)
  A gnoll shaman (D:7)
  18 orc wizards
  8 bullfrog zombies
  8 orc priests
  A bullfrog skeleton (D:10)
  2 centaur skeletons
  Crazy Yiuf (D:3)
  3 iguanas
  18 worker ants
  Natasha (D:4)
  3 hound zombies
  3 hound skeletons
  2 howler monkey zombies (Ossuary)
  13 mummies (Ossuary)
  2 worker ant zombies (Ossuary)
  14 gnolls
  A howler monkey skeleton (D:4)
  14 adders
  22 white imps
  7 oozes
  5 ufetubi (IceCv)
  5 adder zombies
  An adder skeleton (D:8)
  A worm (D:3)
  3 dart slugs
  3 leopard geckos
  61 orcs
  3 giant cockroaches
  2 goblins (D:3)
  8 hobgoblins
  14 jackals
  5 quokkas
  10 bats
  10 frilled lizards
  2 giant cockroach zombies (Ossuary)
  A jackal skeleton (D:6)
  33 kobolds
  3 leopard gecko zombies
  A quokka zombie (D:5)
  9 rats
  2 fungi
  3 plants
  A withered plant (Ossuary)
754 creatures vanquished.

Vanquished Creatures (collateral kills)
  A bullfrog (Lair:1)
1 creature vanquished.

Vanquished Creatures (others)
  A reaper (IceCv)
  A slave (D:8)
  3 white imps (IceCv)
  An ufetubus (IceCv)
  An orc (Orc:1)
  6 fungi
  10 plants
  2 withered plants (Ossuary)
25 creatures vanquished.

Grand Total: 780 creatures vanquished

Notes
Turn   | Place    | Note
-------+----------+-------------------------------------------
     0 | D:1      | dvd the Kobold Hunter began the quest for the Orb.
     0 | D:1      | Reached XP level 1. HP: 12/12 MP: 1/1
    94 | D:1      | Reached skill level 5 in Crossbows
    95 | D:1      | Reached XP level 2. HP: 14/18 MP: 2/2
   572 | D:2      | Reached XP level 3. HP: 22/22 MP: 3/3
   695 | D:2      | Reached XP level 4. HP: 22/27 MP: 4/4
   806 | D:2      | Reached skill level 6 in Crossbows
   867 | D:2      | Found a basalt altar of Yredelemnul.
  1001 | D:2      | Found a sacrificial altar of Ru.
  1115 | D:3      | Found a transporter.
  1255 | D:3      | Found a transporter.
  1301 | D:3      | Reached XP level 5. HP: 21/32 MP: 5/5
  1415 | D:3      | Reached skill level 1 in Short Blades
  1604 | D:3      | Noticed Grinder
  1640 | D:3      | Found a runed door.
  1645 | D:3      | Noticed Crazy Yiuf
  1652 | D:3      | Killed Crazy Yiuf
  1652 | D:3      | Reached XP level 6. HP: 10/36 MP: 6/6
  1924 | D:3      | Reached skill level 1 in Armour
  2229 | D:3      | Reached skill level 7 in Crossbows
  2965 | D:4      | Noticed a phantom
  2983 | D:4      | Killed a phantom
  2983 | D:4      | Reached XP level 7. HP: 41/41 MP: 7/7
  3015 | D:4      | Got a fine glass ring
  3016 | D:4      | Identified the ring "Taxax" {rF+ Int+4 SInv} (You found it
                  | on level 4 of the Dungeon)
  3195 | D:4      | Reached skill level 8 in Crossbows
  3394 | D:4      | Found a burning altar of Makhleb.
  3396 | D:4      | Found a stormy altar of Qazlal.
  3399 | D:4      | Found a glowing silver altar of Zin.
  3926 | D:4      | Reached XP level 8. HP: 48/48 MP: 8/8
  4101 | D:4      | Found a bloodstained altar of Trog.
  4410 | D:4      | Noticed Natasha
  4412 | D:4      | Killed Natasha
  4531 | D:5      | Entered Level 5 of the Dungeon
  4541 | D:5      | Found a shattered altar of Ashenzari.
  4550 | D:5      | Reached skill level 5 in Short Blades
  4841 | D:5      | Found a staircase to the Ecumenical Temple.
  4861 | D:5      | Reached skill level 9 in Crossbows
  4889 | Temple   | Entered the Ecumenical Temple
  4911 | Temple   | Became a worshipper of Warmaster Okawaru
  5021 | D:5      | Found a blossoming altar of Fedhas.
  5030 | D:5      | Found a sand-covered staircase.
  5036 | Ossuary  | Entered an ossuary
  5327 | Ossuary  | Reached XP level 9. HP: 17/53 MP: 9/9
  5541 | Ossuary  | Reached skill level 5 in Fighting
  6445 | D:5      | Reached * piety under Okawaru
  6445 | D:5      | Reached skill level 5 in Dodging
  7868 | D:6      | Got a smoking trident
  7869 | D:6      | Identified the +7 trident "Utraolih" {speed, -Tele rPois
                  | Str+3 SInv} (You found it on level 6 of the Dungeon)
  7881 | D:6      | Noticed Sigmund
  7892 | D:6      | Killed Sigmund
  7892 | D:6      | Reached skill level 10 in Crossbows
  7892 | D:6      | Reached XP level 10. HP: 60/60 MP: 8/10
  7923 | D:6      | Found a radiant altar of Vehumet.
  8272 | D:7      | Noticed Duvessa
  8272 | D:7      | Noticed Dowan
  8432 | D:7      | Killed Dowan
  8945 | D:7      | Noticed Menkaure
  8950 | D:7      | Killed Menkaure
  8950 | D:7      | Reached skill level 1 in Polearms
  8950 | D:7      | Reached skill level 1 in Invocations
  9196 | D:7      | Killed Duvessa
  9238 | D:7      | Reached ** piety under Okawaru
  9764 | D:7      | Learned a level 2 spell: Poisonous Vapours
 10308 | D:8      | Noticed Pikel
 10320 | D:8      | Killed Pikel
 10320 | D:8      | Reached *** piety under Okawaru
 10413 | D:8      | Reached skill level 11 in Crossbows
 10476 | D:8      | Reached XP level 11. HP: 68/68 MP: 12/12
 10819 | D:8      | Noticed Erica
 10836 | D:8      | Killed Erica
 10836 | D:8      | Reached **** piety under Okawaru
 10867 | D:8      | Found a glowing golden altar of the Shining One.
 11266 | D:9      | Received a gift from Okawaru
 11266 | D:9      | Reached skill level 1 in Long Blades
 12099 | D:10     | Entered Level 10 of the Dungeon
 12171 | D:10     | Noticed Josephine
 12181 | D:10     | Killed Josephine
 12181 | D:10     | Received a gift from Okawaru
 12298 | D:10     | Reached skill level 12 in Crossbows
 12540 | D:10     | Noticed an unseen horror
 12557 | D:10     | Killed an unseen horror
 12557 | D:10     | Received a gift from Okawaru
 12557 | D:10     | Reached skill level 1 in Evocations
 12847 | D:10     | Found a staircase to the Lair.
 13051 | D:10     | Found a staircase to the Orcish Mines.
 13118 | D:10     | Reached skill level 1 in Air Magic
 13154 | D:10     | Received a gift from Okawaru
 13496 | D:10     | Reached XP level 12. HP: 77/77 MP: 14/14
 13510 | D:10     | Reached skill level 1 in Spellcasting
 13511 | D:10     | Reached skill level 1 in Poison Magic
 13523 | D:10     | Received a gift from Okawaru
 14024 | D:11     | Reached skill level 10 in Fighting
 14254 | D:11     | Noticed a two-headed ogre
 14260 | D:11     | Killed a two-headed ogre
 14260 | D:11     | Received a gift from Okawaru
 14349 | D:11     | Noticed a two-headed ogre
 14358 | D:11     | Killed a two-headed ogre
 14387 | D:11     | Received a gift from Okawaru
 14795 | D:11     | Gained mutation: You are dopey. (Int -2) [potion of
                  | mutation]
 14795 | D:11     | Gained mutation: You are somewhat resistant to further
                  | mutation. [potion of mutation]
 15468 | D:12     | Reached ***** piety under Okawaru
 15468 | D:12     | Received a gift from Okawaru
 15858 | D:12     | Noticed an unseen horror
 15867 | D:12     | Killed an unseen horror
 15950 | D:12     | Found Rilanwoc's Jewellery Boutique.
 15960 | D:12     | Bought the ring of Dinur {rElec rC+ MP+9 Int-3} for 555
                  | gold pieces
 16634 | D:12     | Noticed an unseen horror
 16643 | D:12     | Killed an unseen horror
 16736 | D:12     | Noticed a wizard
 16746 | D:12     | Killed a wizard
 16746 | D:12     | Reached skill level 5 in Armour
 16746 | D:12     | Reached XP level 13. HP: 84/84 MP: 15/15
 16849 | D:12     | Noticed Psyche
 16860 | D:12     | Killed Psyche
 17157 | Lair:1   | Entered Level 1 of the Lair of Beasts
 17475 | Lair:1   | Noticed an eight-headed hydra
 17497 | Lair:1   | Killed an eight-headed hydra
 17497 | Lair:1   | Received a gift from Okawaru
 18021 | Lair:1   | Received a gift from Okawaru
 18638 | Lair:1   | Learned a level 4 spell: Olgreb's Toxic Radiance
 19286 | Lair:1   | Received a gift from Okawaru
 19725 | Lair:2   | Noticed a four-headed hydra
 19762 | Lair:2   | Found a hole to the Spider Nest.
 19994 | Orc:1    | Entered Level 1 of the Orcish Mines
 19994 | Orc:1    | Noticed a stone giant
 20315 | Lair:2   | Killed a four-headed hydra
 20315 | Lair:2   | Reached skill level 5 in Poison Magic
 20476 | Lair:2   | Received a gift from Okawaru
 21148 | Lair:3   | Reached skill level 5 in Long Blades
 21148 | Lair:3   | Reached skill level 5 in Polearms
 21285 | D:12     | Bought an uncursed amulet of regeneration for 480 gold
                  | pieces
 21446 | Lair:3   | Noticed a six-headed hydra
 21455 | Lair:3   | Killed a six-headed hydra
 21455 | Lair:3   | Received a gift from Okawaru
 21570 | Lair:3   | Received a gift from Okawaru
 21570 | Lair:3   | Reached XP level 14. HP: 88/91 MP: 17/18
 22021 | Lair:3   | Got a pair of ancient gloves
 22032 | Lair:3   | Identified the +2 pair of gloves of the Battered Deaths
                  | {rCorr Int+3} (You found it on level 3 of the Lair of
                  | Beasts)
 22095 | Lair:3   | Found an iron altar of Okawaru.
 22122 | Lair:3   | Received a gift from Okawaru
 22794 | Lair:4   | Found a frozen archway.
 22854 | IceCv    | Entered an ice cave
 22923 | IceCv    | Reached skill level 13 in Crossbows
 23027 | IceCv    | Killed a reaper
 23989 | Lair:4   | Found a staircase to the Swamp.
 24946 | Lair:5   | Received a gift from Okawaru
 25272 | Lair:5   | Reached XP level 15. HP: 97/97 MP: 21/21
 25277 | Lair:5   | Learned a level 3 spell: Mephitic Cloud
 25776 | Lair:6   | Entered Level 6 of the Lair of Beasts
 25790 | Lair:6   | Received a gift from Okawaru
 26046 | Lair:6   | Reached skill level 5 in Spellcasting
 26127 | Lair:6   | Reached skill level 5 in Invocations
 26368 | Lair:6   | Found a staircase to the Slime Pits.
 26561 | Lair:6   | Noticed Kirke
 26673 | Lair:6   | Learned a level 1 spell: Apportation
 27027 | Lair:6   | Noticed a sphinx
 27107 | Lair:6   | Killed Kirke
 27299 | Lair:6   | Reached skill level 1 in Shields
 27369 | Lair:6   | Reached skill level 10 in Dodging
 27888 | D:10     | Killed a stone giant
 27888 | D:10     | Reached skill level 5 in Stealth
 28347 | Orc:2    | Entered Level 2 of the Orcish Mines
 28672 | Orc:2    | Found a staircase to the Elven Halls.
 29256 | Orc:2    | Received a gift from Okawaru
 29431 | Orc:2    | Reached XP level 16. HP: 83/104 MP: 25/25
 29600 | Orc:2    | Found Osot's Antique Armour Boutique.
 29600 | Orc:2    | Found Cabymm's Magic Scroll Shoppe.
 29614 | Orc:2    | Found Wudeuheub's Antique Armour Emporium.
 29614 | Orc:2    | Found Boxucef's Gadget Boutique.
 29647 | Orc:2    | Bought an embroidered cloak for 285 gold pieces
 29687 | Orc:2    | Bought a scroll of blinking for 112 gold pieces
 30021 | D:13     | Found a gate to the Vaults.
 30200 | D:13     | Learned a level 2 spell: Shroud of Golubria
 30230 | D:13     | Received a gift from Okawaru
 30334 | D:13     | Found Yxeumuf's Assorted Antiques.
 30354 | D:13     | Reached skill level 14 in Crossbows
 30388 | D:13     | Found a transporter.
 30402 | D:13     | Found a transporter.
 30786 | D:13     | Received a gift from Okawaru
 30982 | D:13     | Found a runed door.
 31043 | D:13     | Found a bloodstained altar of Trog.
 31044 | D:13     | Found the cursed necklace of Bloodlust {*Rage +Rage MR++
                  | Int-3 Slay+6 *Curse}
 31054 | D:13     | Mangled by a two-headed ogre

Skill      XL: |  1  2  3  4  5  6  7  8  9 10 11 12 13 14 15 16 |
---------------+-------------------------------------------------+-----
Crossbows      | 5 6 7 8 9 10 11 12 13 14 | 14.4
Dodging        | 3 4 5 6 7 8 9 10 | 10.6
Short Blades   | 2 3 4 6 8 9 |  9.7
Fighting       | 3 4 6 7 9 10 11 12 13 | 13.6
Armour         | 1 2 4 5 |  5.4
Stealth        | 2 3 4 5 |  5.0
Polearms       | 1 2 3 5 7 |  7.6
Invocations    | 2 3 4 5 |  5.9
Long Blades    | 3 4 5 6 7 |  7.3
Evocations     | 1 2 |  2.3
Air Magic      | 1 3 |  3.4
Spellcasting   | 1 3 4 6 |  6.6
Poison Magic   | 3 5 7 8 |  8.1
Shields        | 2 |  2.2
Unarmed Combat | |  0.3
Translocations | |  0.4

Action                   |  1- 3 |  4- 6 |  7- 9 | 10-12 | 13-15 | 16-18 || total
-------------------------+-------+-------+-------+-------+-------+-------++-------
Melee: Short sword       |     2 |    20 |   509 |    50 |       |       ||   581
       Punch             |       |       |     1 |     2 |     1 |     2 ||     6
       Trident           |       |       |       |    91 |   472 |     7 ||   570
       Dagger            |       |       |       |   113 |    48 |       ||   161
       Scimitar          |       |       |       |   108 |   324 |    39 ||   471
       Unarmed           |       |       |       |       |     5 |       ||     5
 Fire: Hand crossbow     |    40 |   140 |   326 |   588 |   575 |       ||  1669
       Triple crossbow   |       |       |       |       |     9 |    98 ||   107
 Cast: Poisonous Vapours |       |       |       |    21 |    26 |     1 ||    48
       Olgreb's Toxic Ra |       |       |       |       |    58 |     4 ||    62
       Apportation       |       |       |       |       |     5 |       ||     5
       Shroud of Golubri |       |       |       |       |       |     1 ||     1
Invok: Heroism           |       |       |     5 |    31 |    46 |    12 ||    94
       Finesse           |       |       |       |       |     9 |       ||     9
Evoke: Wand              |       |     2 |     1 |    11 |    18 |     1 ||    33
  Use: Potion            |       |       |     2 |    15 |     4 |     4 ||    25
       Scroll            |       |       |     5 |    13 |     8 |       ||    26
 Stab: Sleeping          |       |       |       |       |     3 |       ||     3
       Petrified         |       |       |       |       |     4 |       ||     4
       Petrifying        |       |       |       |       |     1 |       ||     1
  Eat: Chunk             |     8 |     6 |    14 |    29 |    59 |     8 ||   124
Armor: Leather armour    |     4 |     2 |       |    75 |   157 |       ||   238
       Ring mail         |       |     3 |   127 |    10 |       |       ||   140
       Ice dragon scales |       |       |       |       |     2 |       ||     2
       Troll leather arm |       |       |       |       |     7 |    18 ||    25
Dodge: Dodged            |     6 |    22 |   344 |   433 |   790 |   144 ||  1739
Block: Buckler           |       |       |       |       |    86 |       ||    86
       Rpst.: Scimitar   |       |       |       |    32 |    60 |    12 ||   104
